 Dungeon Crawl Stone Soup version 0.23.2-11-gf996548c65 (webtiles) character file.

Game seed: 1403440989211140000

106 diana the Conjurer (level 4, -1/26 HPs)
             Began as a Gargoyle Conjurer on June 5, 2019.
             Slain by an orc
             ... wielding a +0 hand axe
              (2 damage)
             ... on level 3 of the Dungeon.
             The game lasted 00:05:29 (3324 turns).

diana the Conjurer (Gargoyle Conjurer)              Turns: 3324, Time: 00:05:30

Health: -1/26      AC: 12    Str: 12    XL:     4   Next: 84%
Magic:  7/7        EV:  6    Int: 14    God:
Gold:   136        SH:  0    Dex: 10    Spells: 6/7 levels left

rFire    + . .     SeeInvis .   k - +0 flail
rCold    + . .     Gourm    .   (no shield)
rNeg     + . .     Faith    .   p - +0 chain mail
rPois    ∞         Spirit   .   (no helmet)
rElec    +         Reflect  .   (no cloak)
rCorr    +         Harm     .   (no gloves)
MR       .....     Rnd*Tele +   (no boots)
Stlth    ..........             b - amulet of inaccuracy (curse)
HPRegen  0.48/turn              l - ring of resist corrosion
MPRegen  0.10/turn              i - ring of teleportation (curse)

@: resistant
A: blurry vision 1, dopey 1, negative energy resistance 1, regeneration 1,
electricity resistance, unbreathing, petrification resistance, rot immunity, AC
+3
a: no special abilities


You were on level 3 of the Dungeon.
You were very hungry.

You visited 1 branch of the dungeon, and saw 3 of its levels.

You collected 136 gold pieces.

Inventory:

Hand Weapons
 k - a +0 flail (weapon)
Armour
 p - a +0 chain mail (worn)
Jewellery
 b - a cursed amulet of inaccuracy (around neck)
 i - a cursed ring of teleportation (right hand)
 l - a ring of resist corrosion (left hand)
Scrolls
 f - a scroll of identify
 g - a scroll of enchant weapon
 h - a scroll of magic mapping
 j - 2 scrolls of immolation
Comestibles
 c - 7 rations


   Skills:
 + Level 1.9 Fighting
 * Level 2.4 Maces & Flails
 + Level 1.9 Armour
 + Level 2.2 Dodging
 - Level 2.1 Stealth
 - Level 2.0 Spellcasting
 - Level 4.3 Conjurations


You had 6 spell levels left.
You knew the following spells:

 Your Spells              Type           Power        Failure   Level  Hunger
a - Magic Dart            Conj           ##..         86%         1    ##.....

Your spell library contained the following spells:

 Spells                   Type           Power        Failure   Level  Hunger
 Searing Ray              Conj           ##....       94%         2    ###....
 Dazzling Spray           Conj/Hex       #.....       100%        3    ####...
 Force Lance              Conj/Tloc      #.......     100%        4    #####..
 Fulminant Prism          Conj/Hex       #.........   100%        4    #####..
 Iskenderun's Mystic Bla  Conj           ##......     100%        4    #####..


Dungeon Overview and Level Annotations

Branches:
Dungeon (3/15)

Altars:
Hepliaklqana
Qazlal
Trog


Innate Abilities, Weirdness & Mutations

You are resistant to torment.
Your stone body is resilient. (AC +3)
You are immune to poison.
You resist negative energy. (rN+)
You are resistant to electric shocks. (rElec)
You can survive without breathing.
You are immune to petrification.
You are immune to rotting.
Scrolls take you a little longer to read.
You are dopey. (Int -2)
Your natural rate of healing is unusually fast.


Message History

The orc priest is almost dead.
The adder barely misses you. The goblin hits you but does no damage.
The orc hits you but does no damage.
The orc priest looks braver for a moment.
The hobgoblin hits you.
Unknown command.
You miss the orc priest.
The orc priest is almost dead.
The adder barely misses you. The goblin closely misses you.
The orc barely misses you. The adder bites you but does no damage.
The orc priest mumbles some strange prayers to Beogh against you.
Beogh smites you!
* * * LOW HITPOINT WARNING * * *
The hobgoblin hits you but does no damage.
Your chain mail prevents you from hitting the orc priest.
The orc priest is almost dead.
The adder bites you but does no damage. The goblin barely misses you.
The orc priest calls down the wrath of Beogh upon you.
You barely resist. The orc hits you with a +0 hand axe.
You die...

_♣.#...## ...
.♣.......## ._. ###
..........## ... #.#
###.........######.###.#
.'.........'....#.#....
#.........####.#.###.#
#...og._## #....##.#
##.Sgg.## #...###.#
##o@o## #>......# ##+##
##.###### #.# #.# #.#
#.# #.# #.# ..#


You could see an orc priest, an adder, 2 orcs, a hobgoblin and 2 goblins.

Vanquished Creatures
  An orc wizard (D:3)
  An adder (D:2)
  An ooze (D:3)
  A worm (D:2)
  A dart slug (D:2)
  3 orcs (D:3)
  A ball python (D:2)
  6 bats
  2 giant cockroaches (D:2)
  9 goblins
  9 hobgoblins
  2 jackals (D:3)
  A quokka (D:3)
  4 frilled lizards
  5 kobolds
  4 rats
51 creatures vanquished.

Notes
Turn   | Place    | Note
-------+----------+-------------------------------------------
     0 | D:1      | diana the Gargoyle Conjurer began the quest for the Orb.
     0 | D:1      | Reached XP level 1. HP: 10/10 MP: 3/3
    44 | D:1      | Noticed a komodo dragon
    44 | D:1      | Noticed an anaconda
    44 | D:1      | Noticed a rime drake
    44 | D:1      | Noticed a polar bear
   260 | D:1      | Reached XP level 2. HP: 16/16 MP: 5/5
   517 | D:1      | Reached skill level 1 in Maces & Flails
  1039 | D:2      | Reached skill level 1 in Fighting
  1039 | D:2      | Reached skill level 1 in Armour
  1439 | D:2      | Reached XP level 3. HP: 5/20 MP: 6/6
  2219 | D:2      | HP: 1/20 [adder (1)]
  2237 | D:2      | Reached XP level 4. HP: 20/25 MP: 7/7
  3228 | D:3      | Found a stormy altar of Qazlal.
  3292 | D:3      | Found a bloodstained altar of Trog.
  3302 | D:3      | Found a hazy altar of Hepliaklqana.
  3306 | D:3      | Found a faded altar of an unknown god.
  3313 | D:3      | Gained mutation: You are dopey. (Int -2) [potion of
                  | mutation]
  3313 | D:3      | Gained mutation: Scrolls take you a little longer to read.
                  | [potion of mutation]
  3313 | D:3      | Gained mutation: Your natural rate of healing is unusually
                  | fast. [potion of mutation]
  3323 | D:3      | HP: 1/26 [orc priest/divine providence (8)]
  3324 | D:3      | Slain by an orc

Skill      XL: |  1  2  3  4 |
---------------+-------------+-----
Maces & Flails | 1 2 |  2.4
Fighting       | 1 |  1.9
Armour         | 1 |  1.9
Dodging        | 2 |  2.2
Stealth        | |  2.1
Spellcasting   | |  2.0
Conjurations   | |  4.3

Action                   |  1- 3 |  4- 6 || total
-------------------------+-------+-------++-------
Melee: Club              |   262 |   136 ||   398
       Unarmed           |     1 |       ||     1
       Flail             |       |    57 ||    57
 Cast: Magic Dart        |    16 |       ||    16
  Use: Potion            |     3 |     2 ||     5
       Scroll            |       |     5 ||     5
 Stab: Sleeping          |     1 |       ||     1
  Eat: Chunk             |     4 |     4 ||     8
Armor: Ring mail         |    40 |       ||    40
       Chain mail        |   157 |   186 ||   343
Dodge: Dodged            |   117 |    70 ||   187
